 Dungeon Crawl Stone Soup version 0.32-a0-772-g33df2375a9 (webtiles) character file.

Game seed: 6159043620973917711

89 Ajdolov the Trooper (level 4, 0/37 HPs)
             Began as a Coglin Hexslinger on Mar 19, 2024.
             Killed from afar by Ijyb (14 damage)
             ... with a bolt of dispelling energy
             ... on level 3 of the Dungeon.
             The game lasted 00:02:49 (1682 turns).

Ajdolov the Trooper (Coglin Hexslinger)             Turns: 1682, Time: 00:02:49

Health: 0/37       AC:  3    Str:  8    XL:     4   Next: 55%
Magic:  5/5        EV: 11    Int: 13    God:
Gold:   167        SH:  0    Dex: 18    Spells: 3/5 levels left

rFire   . . .        a - +1 sling {Hayata}
rCold   . . .        d - -2 sling {Iltani}
rNeg    . . .        c - +0 robe
rPois   .            (no helmet)
rElec   .            (no cloak)
rCorr   .            (no gloves)
SInv    .            h - +0 pair of boots
Will    .....        (amulet unavailable)
Stlth   ++           (ring unavailable)
HPRegen 0.26/turn    (ring unavailable)
MPRegen 0.09/turn    (no gizmo)

%: no passive effects
@: brilliant
A: off-hand wielding, slow wielding, warmup strikes, no jewellery
a: Invent Gizmo


You were on level 3 of the Dungeon.
You visited 1 branch of the dungeon, and saw 3 of its levels.

You collected 167 gold pieces.

Inventory:

Hand Weapons
 a - a +1 sling (weapon) {Hayata}
 d - a -2 sling (offhand) {Iltani}
Armour
 c - a +0 robe (worn)
 h - a +0 pair of boots (worn)
Scrolls
 b - 4 scrolls of poison
 e - 2 scrolls of enchant armour {unknown}
 f - a scroll of teleportation {unknown}
 i - a scroll of fog {unknown}
 j - a scroll of identify {unknown}


   Skills:
 + Level 4.2 Fighting
 - Level 1.7 Ranged Weapons
 - Level 1.7 Dodging
 - Level 1.0 Spellcasting
 - Level 2.6 Hexes
 - Level 0.8 Fire Magic


You had 3 spell levels left.
You knew the following spells:

 Your Spells              Type           Power      Damage    Failure   Level
a - Jinxbite              Hex            22%        N/A       14%         2

Your spell library contained the following spells:

 Spells                   Type           Power      Damage    Failure   Level
 Freeze                   Ice            0%         1d3       28%         1
 Magic Dart               Conj           0%         1d3       28%         1
 Sigil of Binding         Hex            11%        N/A       28%         3
 Searing Ray              Conj           0%         2d4       38%         2
 Inner Flame              Hex/Fire       7%         N/A       38%         3
 Frozen Ramparts          Ice            0%         1d1       63%         3
 Hailstorm                Conj/Ice       0%         3d5       63%         3
 Cause Fear               Hex            5%         N/A       67%         4
 Dimensional Bullseye     Hex/Tloc       3%         N/A       85%         4
 Fulminant Prism          Conj/Alch      0%         3d5       95%         4


Dungeon Overview and Level Annotations

Branches:
Dungeon (3/15)

Altars:

Shops:
D:1 [

Annotations:
D:3 Ijyb, Natasha, Sigmund


Innate Abilities, Weirdness & Mutations

You can wield a second weapon in your off-hand.
It takes a long time for you to wield or remove held weapons.
Your first few attacks do less damage.
You cannot equip rings or amulets.


Message History

It was a potion of ambrosia.
You are confused.
You feel invigorated.
You feel your willpower return. Natasha claws you!
* * * LOW HITPOINT WARNING * * *
Okay, then.
Natasha stares at you and mumbles some strange words.
You feel yourself slow down.
You're too confused to move!
Natasha completely misses you. Natasha barely misses you.
You feel less invigorated.
You feel less confused.
Ijyb seems less drained.
Natasha misses you. Natasha casts a spell at you.
You feel as though you will be slow longer.
Ijyb closely misses you.
Ijyb screams, "Time for continue experiment!"
Ijyb barely misses you. Natasha claws you but does no damage.
Natasha attacks as she pursues you! Natasha closely misses you.
Ijyb hits you with a +0 club. Natasha barely misses you.
Ijyb hits you with a +0 club.
* * * LOW HITPOINT WARNING * * *
Natasha stares at you and mumbles some strange words.
You feel as though you will be slow longer.
Ijyb zaps a wand.
The bolt of dispelling energy hits you!
Your magical effects are unravelling.
* * * LOW HITPOINT WARNING * * *
It was a potion of brilliance.
You feel clever all of a sudden.
You feel yourself speed up. Natasha claws you.
* * * LOW HITPOINT WARNING * * *
It was a potion of heal wounds.
You feel much better. Natasha claws you.
Okay, then.
Natasha stares at you and mumbles some strange words.
The magic dart hits you.
Ijyb zaps a wand.
The bolt of dispelling energy hits you!
Your magical effects are unravelling.
You die...
Ijyb moans, "Good help so hard to find!"

#. ... ###...# ......#. ######.##
####..# #.B.##### ......... ....#
#.....># #.####.# ##..# #...#.#
..# ##+########.@# #..#.###
#.###.........g.## #.....#
...##.........h## ##..#.#
##.##.........B# # #..#.#
#.##..........## .# #..#.#
##.##...........###..# ...#.#
........^.....#.....# ..#.#.[
..............#####.......###.###
................. ...... #.#


You could see Ijyb, a bombardier beetle and Natasha.

Vanquished Creatures
  3 adders
  A dart slug (D:3)
  2 ribbon worms (D:2)
  5 bats
  6 endoplasms
  A giant cockroach (D:1)
  7 goblins
  4 hobgoblins
  4 jackals (D:2)
  3 kobolds
  3 quokkas
  5 ball pythons
  2 frilled lizards
  4 rats
50 creatures vanquished.

Notes
Turn   | Place    | Note
-------+----------+-------------------------------------------
     0 | D:1      | Ajdolov the Coglin Hexslinger began the quest for the Orb.
     0 | D:1      | Reached XP level 1. HP: 15/15 MP: 2/2
   100 | D:1      | Reached skill level 2 in Fighting
   100 | D:1      | Reached XP level 2. HP: 22/22 MP: 3/3
   566 | D:1      | Found Geuxki's Armour Emporium.
   826 | D:2      | Reached XP level 3. HP: 28/28 MP: 4/4
   834 | D:2      | Learned a level 2 spell: Jinxbite
   860 | D:2      | Reached skill level 3 in Fighting
  1163 | D:2      | Identified the ring "Zehoap" {*Slow Will- rCorr Str+7
                  | Dex+6}
  1190 | D:2      | Reached XP level 4. HP: 37/37 MP: 5/5
  1362 | D:3      | Reached skill level 4 in Fighting
  1406 | D:3      | Noticed Sigmund
  1657 | D:3      | Noticed Ijyb
  1659 | D:3      | Noticed Natasha
  1672 | D:3      | HP: 1/37 [Natasha (7)]
  1682 | D:3      | Killed from afar by Ijyb

Illustrated notes

Levels and vault maps discovered:
D:1:      dpeg_arrival_fog, layout_loops_corners, serial_shops, shop
D:2:      layout_rooms
D:3:      layout_basic, nemelex_spade_bored_becter, amcnicky_altar_gilded,
          uniq_natasha, uniq_ijyb, uniq_sigmund

Skill      XL: |  1  2  3  4 |
---------------+-------------+-----
Fighting       | 2 3 4 |  4.2
Ranged Weapons | |  1.7
Dodging        | |  1.7
Spellcasting   | |  1.0
Hexes          | |  2.6
Fire Magic     | |  0.8

Action                     |  1- 3 |  4- 6 || total
---------------------------+-------+-------++-------
   Fire: Sling             |   188 |    96 ||   284
   Cast: Jinxbite          |     2 |     3 ||     5
    Use: Potion            |       |     3 ||     3
 Armour: Robe              |    19 |    26 ||    45
  Dodge: Dodged            |    34 |    19 ||    53

Table legend: (Time is in decaauts)
 A = Elapsed time spent in this place.
 B = Non-inter-level travel time spent in this place.
 C = Inter-level travel time spent in this place.
 D = Time resting spent in this place.
 E = Time spent auto-exploring this place.
 F = Levels seen in this place.
 G = Mean time per level.
                   A        B        C        D        E       F      G
               +--------+--------+--------+--------+--------+-----+--------+
         Total |   1729 |   1692 |     37 |     61 |   1256 |   3 |  576.3 |
       Dungeon |   1729 |   1692 |     37 |     61 |   1256 |   3 |  576.3 |
               +--------+--------+--------+--------+--------+-----+--------+

Top non-repeatable levels by time:
     D:1: 834 daAuts
     D:2: 624 daAuts
     D:3: 270 daAuts
